 Dungeon Crawl Stone Soup version 0.30-a0-534-gdc55766716 (webtiles) character file.

Game seed: 9076224472806806439

2336 cforsyth the Ruffian (level 9, -11/112 HPs)
             Began as a Grey Draconian Transmuter on Dec 25, 2022.
             Was a Believer of Qazlal.
             Mangled by Joseph
             ... wielding a +0 vorpal quarterstaff
              (12 damage)
             ... on level 8 of the Dungeon.
             The game lasted 00:13:31 (8467 turns).

cforsyth the Ruffian (Grey Draconian Transmuter)    Turns: 8467, Time: 00:13:31

Health: -11/112    AC: 12    Str: 15    XL:     9   Next: 19%
Magic:  13/17      EV: 13    Int: 15    God:    Qazlal [**....]
Gold:   513        SH:  3    Dex: 12    Spells: 15/18 levels left

rFire   . . .      SeeInvis .      - Unarmed
rCold   . . .      Faith    .    (no shield)
rNeg    . . .      Spirit   .    (body armour unavailable)
rPois   .          Reflect  .    (helmet currently unavailable)
rElec   .          Harm     .    (no cloak)
rCorr   .          Rampage  .    (no gloves)
Will    .....                    (boots currently unavailable) Stlth
                                 (no amulet)
HPRegen 0.38/turn                (no ring)
MPRegen 0.15/turn                (no ring)

@: berserking, lethally poisoned (-11 -> -16), appendages, wereblooded, slowed
A: horns 2, talons 2, AC +12, amphibious, unfitting armour, cold-blooded
a: End Transformation, Renounce Religion, Upheaval


You were on level 8 of the Dungeon.
You worshipped Qazlal.
Qazlal was pleased with you.
You had temporarily grown beastly horns and talons.
You visited 2 branches of the dungeon, and saw 9 of its levels.
You also visited: Sewer.

You collected 513 gold pieces.

Inventory:

Missiles
 i - 2 throwing nets
Jewellery
 f - a ring of fire
 r - a ring of fire
Wands
 j - a wand of flame (12)
 t - a wand of iceblast (4)
 u - a wand of quicksilver (20)
 v - a wand of mindburst (3)
 w - a wand of paralysis (11)
 C - a wand of polymorph (4)
Scrolls
 b - a scroll of enchant weapon
 c - a scroll of poison
 k - 2 scrolls of immolation
 l - a scroll of fog
 q - a scroll of fear
 x - a scroll of brand weapon {unknown}
 y - 3 scrolls of blinking {unknown}
 A - a scroll of vulnerability {unknown}
 B - a scroll of enchant armour
 D - a scroll of identify
Potions
 a - 2 potions of lignification
 d - 2 potions of invisibility
 e - a potion of brilliance {unknown}
 g - 2 potions of berserk rage
 h - 3 potions of heal wounds
 m - 3 potions of curing
 n - a potion of haste {unknown}
 o - 2 potions of resistance
 p - a potion of mutation {unknown}
 s - a potion of cancellation {unknown}
 z - a potion of flight {unknown}


   Skills:
 + Level 6.1 Fighting
 - Level 5.0 Dodging
 + Level 6.3 Unarmed Combat
 + Level 5.4 Spellcasting
 + Level 5.9 Transmutations


You had 15 spell levels left.
You knew the following spells:

 Your Spells              Type           Power      Damage    Failure   Level
a - Beastly Appendage     Tmut           42%        N/A       1%          1
b - Wereblood             Tmut           21%        N/A       1%          2

Your spell library contained the following spells:

 Spells                   Type           Power      Damage    Failure   Level
 Passwall                 Tmut/Erth      10%        N/A       7%          2
 Spider Form              Tmut/Pois      12%        N/A       14%         3
 Foxfire                  Conj/Fire      16%        2x1d4     16%         1
 Sandblast                Erth           8%         2d5       16%         1
 Sublimation of Blood     Necr           4%         N/A       24%         2
 Stone Arrow              Conj/Erth      8%         3d7       43%         3
 Ice Form                 Ice/Tmut       12%        N/A       43%         4
 Fireball                 Conj/Fire      2%         3d4       99%         5
 Starburst                Conj/Fire      2%         6d3       100%        6
 Summon Hydra             Summ           2%         N/A       100%        7


Dungeon Overview and Level Annotations

Branches:
Dungeon (8/15)             Temple (1/1) D:4           Sewer (visited)
   Lair: D:8-11

Altars:
Ashenzari
Dithmenos
Elyvilon
Fedhas
Gozag
Hepliaklqana
Makhleb
Nemelex Xobeh
Qazlal
Ru
Sif Muna
Trog
Uskayaw
Vehumet
Wu Jian
Yredelemnul
Zin

Shops:
D:4 [

Annotations:
D:3 3 runed translucent doors, Iich's ghost, amateur MiFi; Pokonic1's ghost, weakling DjFE; mandarbmax's ghost, amateur BaRe
D:4 3 runed translucent doors, Pikel; hikkokomori's ghost, amateur DsCj
D:8 Erica; Joseph


Innate Abilities, Weirdness & Mutations

You have temporarily grown beastly horns and talons.
Your dull iron-grey scales are very hard. (AC +12)
You are amphibious.
You cannot fit into any form of body armour.
You are cold-blooded and may be slowed by cold attacks.


Message History

Joseph hits you with a +0 vorpal quarterstaff!
Something hits you. Something burns you.
The orc wizard hits you but does no damage.
Unknown command.
Unknown command.
Unknown command.
A red film seems to cover your vision as you go berserk!
You feel yourself moving faster!
You feel mighty!
You howl as the wereblood boils in your veins!
You feel yourself speed up.
You feel very sick. You block Joseph's attack. Something hits you!
Something burns you.
The orc wizard hits you with a +0 dagger of freezing.
* * * LOW HITPOINT WARNING * * *
You feel yourself slow down. The orc wizard freezes you.
* * * LOW HITPOINT WARNING * * *
Joseph barely misses you.
Unknown command.
Unknown command.
Unknown command.
You barely miss the orc wizard. Your kick misses the orc wizard.
You tail-slap the orc wizard!
You feel a bit better.
You kill the orc wizard!
Qazlal accepts your kill.
You feel sick. Something hits you!
* * * LOW HITPOINT WARNING * * *
Something burns you.
* * * LOW HITPOINT WARNING * * *
Joseph hits you with a +0 vorpal quarterstaff.
* * * LOW HITPOINT WARNING * * *
x2 Unknown command.
Unknown command.
You punch Joseph! Your kick misses Joseph. You headbutt Joseph!
Joseph is moderately wounded.
You feel sick. Something hits you!
* * * LOW HITPOINT WARNING * * *
Something burns you.
* * * LOW HITPOINT WARNING * * *
Joseph hits you with a +0 vorpal quarterstaff!
You die...

# .. ... ....
#######..##.
#..§{○....'.
#...@@..#
#########...)...##
#...................
#.##########........
#.# #.....$.. #.#
######### #.# #.#
#.#


You could see Joseph.

Vanquished Creatures
  4 water moccasins
  A sky beast (D:4)
  A black bear (D:5)
  An ogre (D:6)
  2 centaurs
  A lemure (D:4)
  Blork the orc (D:5)
  A kobold brigand (D:6)
  A necrophage (D:6)
  2 scorpions (D:5)
  2 bullfrogs (D:7)
  4 wights
  2 howler monkeys
  5 orc priests
  3 hounds
  An iguana (D:5)
  5 orc wizards
  9 adders
  4 gnolls (D:6)
  12 river rats (D:5)
  2 white imps (D:6)
  4 worms
  A dart slug (D:3)
  15 orcs
  8 ball pythons
  A bat (D:1)
  8 endoplasms
  4 giant cockroaches
  2 goblins
  10 hobgoblins
  8 jackals
  13 quokkas
  4 frilled lizards
  8 kobolds
  20 rats
170 creatures vanquished.

Vanquished Creatures (others)
  An orc wizard (D:7)
  A fungus (D:4)
  4 withered plants (D:3)
6 creatures vanquished.

Grand Total: 176 creatures vanquished

Notes
Turn   | Place    | Note
-------+----------+-------------------------------------------
     0 | D:1      | cforsyth the Draconian Transmuter began the quest for the
                  | Orb.
     0 | D:1      | Reached XP level 1. HP: 16/16 MP: 3/3
   138 | D:1      | Found a faded altar of an unknown god.
   248 | D:1      | Reached XP level 2. HP: 21/23 MP: 3/5
   610 | D:2      | Reached XP level 3. HP: 29/29 MP: 4/6
  1106 | D:2      | Reached XP level 4. HP: 18/36 MP: 7/7
  1825 | D:3      | Found a runed translucent gate.
  1825 | D:3      | Found a runed translucent gate.
  1825 | D:3      | Found a runed translucent gate.
  1826 | D:3      | Noticed Pokonic1's ghost (weakling DjFE)
  1826 | D:3      | Noticed mandarbmax's ghost (amateur BaRe)
  1826 | D:3      | Noticed Iich's ghost (amateur MiFi)
  1982 | D:3      | Found a bloodstained altar of Trog.
  2059 | D:3      | Found a shadowy altar of Dithmenos.
  2209 | D:3      | Reached XP level 5. HP: 14/42 MP: 7/9
  2690 | D:4      | Noticed a lemure
  2691 | D:4      | Noticed a lemure
  3203 | D:4      | Found Olust's Armour Shoppe.
  3244 | D:4      | Found a runed translucent gate.
  3244 | D:4      | Found a runed translucent gate.
  3246 | D:4      | Found a runed translucent gate.
  3250 | D:4      | Noticed hikkokomori's ghost (amateur DsCj)
  3272 | D:4      | Found a staircase to the Ecumenical Temple.
  3299 | Temple   | Entered the Ecumenical Temple
  3478 | Temple   | Became a worshipper of Qazlal Stormbringer
  3540 | D:4      | Noticed Pikel
  3571 | D:4      | Killed a lemure
  3671 | D:4      | Noticed a lemure
  3683 | D:4      | Noticed a lemure
  3753 | D:5      | Entered Level 5 of the Dungeon
  3753 | D:5      | Noticed a sky beast
  3767 | D:4      | Killed a sky beast
  3768 | D:4      | Reached XP level 6. HP: 27/51 MP: 10/10
  4159 | D:5      | Noticed Blork the orc
  4171 | D:5      | Killed Blork the orc
  4565 | D:5      | Noticed a water moccasin
  4575 | D:5      | Killed a water moccasin
  4576 | D:5      | Your scales start taking on a dull iron-grey colour.
  4576 | D:5      | Reached XP level 7. HP: 33/58 MP: 12/12
  4930 | D:5      | Reached * piety under Qazlal
  5194 | D:5      | Reached skill level 5 in Unarmed Combat
  5475 | D:6      | Reached XP level 8. HP: 64/67 MP: 12/14
  5593 | D:6      | Reached ** piety under Qazlal
  5614 | D:6      | Reached skill level 5 in Fighting
  5614 | D:6      | Reached skill level 5 in Transmutations
  5634 | D:6      | Learned a level 2 spell: Wereblood
  5676 | D:6      | Found a glowing drain.
  5680 | Sewer    | Entered a sewer
  6261 | D:6      | Reached skill level 5 in Dodging
  6272 | D:6      | Reached skill level 5 in Spellcasting
  7415 | D:7      | Reached XP level 9. HP: 75/75 MP: 13/16
  8455 | D:8      | Noticed Joseph
  8455 | D:8      | Noticed Erica
  8467 | D:8      | HP: 2/112 [something (7)]
  8467 | D:8      | Mangled by Joseph

Illustrated notes

Levels and vault maps discovered:
D:1:      noname_arrival_rooms_in_the_neighbourhood, layout_rooms,
          ebering_ecumenical_altar_abandoned
D:2:      layout_basic
D:3:      layout_loops_ring, trog_three_pillars_becter,
          nicolae_dithmenos_the_darkroom, gammafunk_ghost_cemetery
D:4:      layout_gridville, minmay_temple_entry_waves, gammafunk_ghost_split,
          serial_shops, nicolae_shop_stone, uniq_crazy_yiuf_cottage, uniq_pikel
D:5:      lemuel_ratsnest, layout_rooms, supply_closet_lemuel,
          kennysheep_generic_room_12, uniq_blork_the_orc
D:6:      layout_loops_ring, gup_sewer_entry_spiral
D:7:      layout_cave_pools, nzn_ghost_randoct
D:8:      layout_basic, mainiacjoe_overflow_swirl, lemuel_doored_altar,
          uniq_psyche, uniq_joseph, uniq_erica
Temple:   hellmonk_temple_two_chambers

Skill      XL: |  1  2  3  4  5  6  7  8  9 |
---------------+----------------------------+-----
Dodging        | 2 3 4 5 |  5.0
Fighting       | 2 3 4 5 6 |  6.1
Transmutations | 3 4 5 |  5.9
Spellcasting   | 3 4 5 |  5.4
Unarmed Combat | 4 5 6 |  6.3

Action                   |  1- 3 |  4- 6 |  7- 9 || total
-------------------------+-------+-------+-------++-------
Melee: Unarmed           |    99 |   155 |   313 ||   567
       Kick              |    20 |    38 |    80 ||   138
       Headbutt          |     9 |    24 |    45 ||    78
       Tailslap          |     9 |    11 |    38 ||    58
       Punch             |     1 |     1 |    14 ||    16
 Cast: Beastly Appendage |    26 |    33 |    42 ||   101
       Wereblood         |       |       |    16 ||    16
Evoke: Wand              |       |     5 |     1 ||     6
  Use: Scroll            |       |     8 |     5 ||    13
       Potion            |       |     1 |     1 ||     2
Armor: Skin              |    30 |    36 |   108 ||   174
Dodge: Dodged            |    62 |    70 |   197 ||   329
Block: Other             |       |       |    33 ||    33

Table legend: (Time is in decaauts)
 A = Elapsed time spent in this place.
 B = Non-inter-level travel time spent in this place.
 C = Inter-level travel time spent in this place.
 D = Time resting spent in this place.
 E = Time spent auto-exploring this place.
 F = Levels seen in this place.
 G = Mean time per level.
                   A        B        C        D        E       F      G
               +--------+--------+--------+--------+--------+-----+--------+
         Total |   8432 |   8241 |    191 |   2678 |   4064 |  10 |  843.2 |
       Dungeon |   8246 |   8080 |    166 |   2678 |   4015 |   8 | 1030.8 |
        Temple |     58 |     34 |     24 |      0 |      0 |   1 |   58.0 |
         Sewer |    127 |    127 |      0 |      0 |     49 |   1 |  127.0 |
               +--------+--------+--------+--------+--------+-----+--------+

Top non-repeatable levels by time:
     D:6: 2468 daAuts
     D:3: 1535 daAuts
     D:5: 1502 daAuts
     D:2: 1117 daAuts
     D:4: 705 daAuts
     D:1: 550 daAuts
     D:7: 308 daAuts
   Sewer: 127 daAuts
  Temple: 58 daAuts
     D:8: 57 daAuts
